 Dungeon Crawl Stone Soup version 0.20.1-1-g8b1a95d (webtiles) character file.

795 empire the Chopper (level 7, -5/61 HPs)
             Began as a Minotaur Fighter on Oct 27, 2017.
             Slain by Jazqa's ghost (11 damage)
             ... on level 4 of the Dungeon.
             The game lasted 00:07:12 (3249 turns).

empire the Chopper (Minotaur Fighter)               Turns: 3249, Time: 00:07:12

Health: -5/61      AC:  8    Str: 21    XL:     7   Next: 58%
Magic:  6/6        EV:  9    Int:  5    God:
Gold:   128        SH: 10    Dex: 11    Spells: 6/6 levels left

rFire    + . .     SeeInvis .   a - +0 war axe
rCold    . . .     Gourm    .   c - +0 shield
rNeg     + . .     Faith    .   b - +0 scale mail
rPois    .         Spirit   .   (helmet restricted)
rElec    .         Reflect  .   (no cloak)
rCorr    .         Harm     .   (no gloves)
MR       .....                  i - +0 pair of boots
Stlth    ..........             o - amulet of rage
Regen    0.2/turn               j - ring of positive energy
MPRegen  0.1/turn               v - ring of protection from fire

@: no status effects
A: retaliatory headbutt, horns 2
a: Evoke Berserk Rage


You were on level 4 of the Dungeon.
You were not hungry.

You visited 1 branch of the dungeon, and saw 4 of its levels.
You also visited: Sewer.

You collected 128 gold pieces.

Inventory:

Hand Weapons
 a - a +0 war axe (weapon)
 w - a cursed -3 short sword
Armour
 b - a +0 scale mail (worn)
 c - a +0 shield (worn)
 i - a +0 pair of boots (worn)
 u - a +0 chain mail
Jewellery
 j - a ring of positive energy (left hand)
 o - an amulet of rage (around neck)
 r - an uncursed amulet of the gourmand
 v - a ring of protection from fire (right hand)
Wands
 A - a wand of flame (20/48)
Scrolls
 h - 2 scrolls of teleportation
 p - 3 scrolls of blinking {unknown}
 q - 4 scrolls of magic mapping
 s - a scroll of amnesia {unknown}
 t - a scroll of recharging
 y - a scroll of fear {unknown}
 B - a scroll of remove curse
 C - a scroll of identify
Potions
 d - 5 potions of might
 e - 2 potions of haste {unknown}
 g - a potion of invisibility {unknown}
 k - 3 potions of heal wounds {unknown}
 m - a potion of degeneration {unknown}
 n - 3 potions of flight
 x - 2 potions of agility
 z - 4 potions of brilliance {unknown}
 D - a potion of magic {unknown}
 F - 2 potions of ambrosia {unknown}
Comestibles
 f - 3 bread rations
 l - 3 meat rations


   Skills:
 + Level 5.5 Fighting
 * Level 6.7 Axes
 + Level 5.4 Armour
 + Level 3.1 Dodging
 + Level 5.3 Shields


You had 6 spell levels left.
You didn't know any spells.

Dungeon Overview and Level Annotations

Branches:
Dungeon (4/15)
 Temple: D:4-7

Altars:
Makhleb

Annotations:
D:4 Jazqa's ghost, novice DsGl


Innate Abilities, Weirdness & Mutations

You reflexively headbutt those who attack you in melee.
You have a pair of horns on your head.


Message History

You block Jazqa's ghost's attack. Jazqa's ghost hits you.
You miss Jazqa's ghost.
Jazqa's ghost is heavily damaged.
You block Jazqa's ghost's attack.
You hit Jazqa's ghost.
Jazqa's ghost is severely damaged.
Jazqa's ghost hits you.
Your shield and scale mail prevent you from hitting Jazqa's ghost.
Jazqa's ghost is severely damaged.
Jazqa's ghost hits you!
* * * LOW HITPOINT WARNING * * *
You miss Jazqa's ghost.
Jazqa's ghost is severely damaged.
Jazqa's ghost hits you!
* * * LOW HITPOINT WARNING * * *
Your shield and scale mail prevent you from hitting Jazqa's ghost.
Your headbutt misses Jazqa's ghost.
Jazqa's ghost is heavily damaged.
You block Jazqa's ghost's attack. Jazqa's ghost hits you!
You die...

##.... ....#
#.#######..##
#.......#...#
#.....#.##
####..[..#..#
#...........#
###.#.....###.#####
#...#.....# #..W@.#
#.#.#.....# ##.##.#
#.#.#.....# #.. ...
#.#......##
##.##....
#.#.....#### ..
%..... #....##.##<#
#........
#######.##.#
..##.... #.##.# #..
..## #....#


You could see Jazqa's ghost.

Vanquished Creatures
  Grinder (D:3)
  A sky beast (D:4)
  2 bullfrogs (Sewer)
  An orc priest (D:3)
  A hound (D:4)
  Jessica (D:3)
  A worker ant (D:4)
  Natasha (twice) (D:3)
  A gnoll (D:2)
  4 river rats (Sewer)
  7 adders
  3 oozes
  5 worms
  A dart slug (D:1)
  A leopard gecko (D:1)
  5 orcs (D:3)
  2 giant cockroaches
  5 hobgoblins
  2 jackals (D:1)
  2 quokkas (D:2)
  11 ball pythons (Sewer)
  5 bats
  7 frilled lizards
  7 goblins
  7 kobolds
  28 rats
113 creatures vanquished.

Notes
Turn   | Place    | Note
-------+----------+-------------------------------------------
     0 | D:1      | empire the Minotaur Fighter began the quest for the Orb.
     0 | D:1      | Reached XP level 1. HP: 19/19 MP: 0/0
   109 | D:1      | Reached XP level 2. HP: 27/27 MP: 1/1
   297 | D:1      | Reached skill level 1 in Dodging
   465 | D:1      | Reached XP level 3. HP: 33/33 MP: 2/2
   500 | D:1      | Reached skill level 3 in Axes
   929 | D:2      | Found a burning altar of Makhleb.
  1197 | D:3      | Reached XP level 4. HP: 40/40 MP: 3/3
  1328 | D:3      | Found a glowing drain.
  1339 | D:3      | Reached skill level 4 in Axes
  1358 | Sewer    | Entered a sewer
  1381 | Sewer    | Reached XP level 5. HP: 27/47 MP: 4/4
  1860 | Sewer    | Reached skill level 5 in Axes
  1860 | Sewer    | Reached XP level 6. HP: 31/55 MP: 5/5
  1872 | Sewer    | Reached skill level 5 in Fighting
  2182 | D:3      | Noticed Natasha
  2190 | D:3      | Killed Natasha
  2215 | D:3      | Noticed Grinder
  2230 | D:3      | Killed Grinder
  2230 | D:3      | Reached skill level 6 in Axes
  2230 | D:3      | Reached skill level 5 in Shields
  2230 | D:3      | Reached XP level 7. HP: 48/61 MP: 6/6
  2307 | D:3      | Noticed Jessica
  2311 | D:3      | Killed Jessica
  2311 | D:3      | Reached skill level 5 in Armour
  2628 | D:3      | Noticed Natasha
  2631 | D:3      | Killed Natasha
  3225 | D:4      | Noticed Jazqa's ghost (novice DsGl)
  3249 | D:4      | Slain by Jazqa's ghost

Skill      XL: |  1  2  3  4  5  6  7 |
---------------+----------------------+-----
Dodging        | 1 2 3 |  3.1
Fighting       | 4 5 |  5.5
Axes           | 3 4 5 6 |  6.7
Shields        | 4 5 |  5.3
Armour         | 4 5 |  5.4

Action                   |  1- 3 |  4- 6 |  7- 9 || total
-------------------------+-------+-------+-------++-------
Melee: War axe           |    87 |   107 |    70 ||   264
       Headbutt          |    14 |    24 |    10 ||    48
  Use: Scroll            |     2 |     6 |       ||     8
       Potion            |       |     2 |       ||     2
  Eat: Chunk             |     3 |    10 |       ||    13
Armor: Scale mail        |    36 |    60 |    17 ||   113
Dodge: Dodged            |    38 |    60 |    22 ||   120
Block: Shield            |    41 |    70 |    26 ||   137
